 Dungeon Crawl Stone Soup version 0.25.1-1-g288607f (webtiles) character file.

Game seed: 8768254113954771087

48 PhillyD the Covered (level 3, -3/33 HPs)
             Began as a Minotaur Fighter on Oct 6, 2020.
             Slain by an ogre
             ... wielding a +0 giant spiked club
              (18 damage)
             ... on level 2 of the Dungeon on Oct 10, 2020.
             The game lasted 00:03:55 (1263 turns).

PhillyD the Covered (Minotaur Fighter)              Turns: 1263, Time: 00:03:55

Health: -3/33      AC:  7    Str: 20    XL:     3   Next: 50%
Magic:  2/2        EV:  7    Int:  5    God:
Gold:   76         SH:  9    Dex: 10    Spells: 2/2 levels left

rFire    . . .     SeeInvis .   a - +0 long sword
rCold    . . .     Gourm    .   c - +0 kite shield
rNeg     . . .     Faith    .   o - +0 scale mail
rPois    .         Spirit   .   (helmet restricted)
rElec    .         Reflect  .   (no cloak)
rCorr    .         Harm     .   (no gloves)
MR       .....                  (no boots)
Stlth    ..........             (no amulet)
HPRegen  0.11/turn              (no ring)
MPRegen  0.08/turn              (no ring)

@: no status effects
A: retaliatory headbutt, horns 2
a: no special abilities


You were on level 2 of the Dungeon.
You were very hungry.

You visited 1 branch of the dungeon, and saw 2 of its levels.

You collected 76 gold pieces.

Inventory:

Hand Weapons
 a - a +0 long sword (weapon)
Missiles
 e - 12 poisoned darts (quivered)
Armour
 c - a +0 kite shield (worn)
 o - a +0 scale mail (worn)
Jewellery
 h - an uncursed amulet of faith {unknown}
Scrolls
 i - a scroll of identify {unknown}
 j - a scroll of enchant weapon {unknown}
 k - a scroll of amnesia {unknown}
Potions
 d - a potion of might
 l - a potion of resistance {unknown}
 m - a potion of magic {unknown}
 n - a potion of haste {unknown}
Comestibles
 f - 2 rations


   Skills:
 + Level 4.2 Fighting
 + Level 3.2 Long Blades
 + Level 4.4 Armour
 + Level 0.1 Dodging
 + Level 3.8 Shields


You had 2 spell levels left.
You didn't know any spells.
Your spell library was empty.

Dungeon Overview and Level Annotations

Branches:
Dungeon (2/15)

Altars:
Cheibriados


Innate Abilities, Weirdness & Mutations

You reflexively headbutt those who attack you in melee.
You have a pair of horns on your head.


Message History

You block the bat's attack.
The ogre hits you with a +0 giant spiked club!!
Ouch! That really hurt!
You are too injured to fight recklessly!
You are too injured to fight recklessly!
You are too injured to fight recklessly!
You are too injured to fight recklessly!
Unknown command.
You are too injured to fight recklessly!
You hit the ogre.
The ogre is severely wounded.
The bat hits you but does no damage.
The frilled lizard unfolds its giant frill.
You block the ogre's attack.
You hit the ogre.
The ogre is almost dead.
You block the bat's attack.
The ogre hits you with a +0 giant spiked club!!
Ouch! That really hurt!
You die...

#..####.#...##...## #..#
#......##.## #..#
###....##.#
#######..######.#..##..
...................####.
######.####....#[## #.#
#.##.#.# ####.## #.
#.#.# ##...†@# # ......
##$.>.lO##..#..#..
......b....OP.P..#.
###.<##....P≈≈≈P #..
#.#.P≈♣≈≈≈ #. #.#$≈≈≈..≈
.. ..#.≈≈≈≈≈. ...
.≈≈≈≈≈≈ ... .≈≈≈≈P≈


You could see an ogre, a bat and a frilled lizard.

Vanquished Creatures
  An adder (D:2)
  3 dart slugs
  A leopard gecko (D:1)
  A ball python (D:2)
  3 bats (D:1)
  A giant cockroach (D:1)
  6 goblins
  3 hobgoblins (D:1)
  2 jackals (D:1)
  A kobold (D:1)
  4 frilled lizards (D:1)
  5 rats (D:1)
31 creatures vanquished.

Notes
Turn   | Place    | Note
-------+----------+-------------------------------------------
     0 | D:1      | PhillyD the Minotaur Fighter began the quest for the Orb.
     0 | D:1      | Reached XP level 1. HP: 19/19 MP: 0/0
   354 | D:1      | Reached XP level 2. HP: 27/27 MP: 1/1
   754 | D:1      | Reached XP level 3. HP: 33/33 MP: 2/2
  1207 | D:2      | Found a snail-covered altar of Cheibriados.
  1251 | D:2      | Noticed an ogre
  1263 | D:2      | Slain by an ogre

Illustrated notes

Levels and vault maps discovered:
D:1:      kilobyte_arrival_exit_the_forest, layout_loops_ring,
          minmay_misc_feat_room
D:2:      layout_loops_ring, lemuel_round_altar, serial_bayou,
          serial_bayou_pond_b, serial_bayou_pond_e, serial_bayou_pond_b,
          serial_bayou_pond_d, serial_bayou_pond_e, uniq_sigmund

Skill      XL: |  1  2  3 |
---------------+----------+-----
Armour         | 4 |  4.4
Fighting       | 4 |  4.2
Long Blades    | 3 |  3.2
Dodging        | |  0.1
Shields        | |  3.8

Action                   || total
-------------------------++-------
Melee: Long sword        ||    60
       Headbutt          ||     5
Armor: Scale mail        ||    30
Dodge: Dodged            ||    23
Block: Kite shield       ||    41
       Rpst.: Long sword ||     5
